[Event "Titled Tuesday Blitz March 22 Early 2022"]
[White "Omariev, Maksim"]
[Black "Borodavkin, Anatoly"]
[WhiteFideId "4193423"]
[BlackFideId "14150662"]
[WhiteElo "2503"]
[BlackElo "1845"]
[Result "1-0"]
[Round "09"]
[TimeControl "180+1"]
[Date "2022.03.22"]
[WhiteClock "0:01:06"]
[BlackClock "0:00:06"]

1. g4 e5 2. Bg2 d6 3. h3 Nc6 4. c3 Be6 5. d4 exd4 6. cxd4 d5 7. Nc3 Bb4 8. Bf4 Nge7 9. e3 Qd7 10. Ne2 h5 11. g5 h4 12. Qb3 O-O 13. O-O-O Bxc3 14. Nxc3 Na5 15. Qb5 Qxb5 16. Nxb5 c6 17. Nc7 Rac8 18. Nxe6 fxe6 19. Rhf1 Nf5 20. b3 c5 21. dxc5 Rxc5+ 22. Kb2 Rfc8 23. Rc1 Rxc1 24. Rxc1 Rxc1 25. Kxc1 Nc6 26. Kd2 Kh7 27. Bc7 Kg6 28. f4 Ng3 29. a3 Kf5 30. Bf3 Ne4+ 31. Kc2 Nc5 32. b4 Na6 33. Bd6 b5 34. Kd3 Nd8 35. Be7 Nc6 36. Bf8 Kg6 37. Bg4 Nc7 38. Bd6 Ne8 39. Bc5 e5 40. Bd7 exf4 41. Bxe8+ Kxg5 42. Bxc6 f3 43. Bxd5 f2 44. Ke2 Kf5 45. Kxf2 Ke5 46. e4 g5 47. Ke3 a6 48. Bb7 g4 49. hxg4 h3 50. Bd4+ Kd6 51. e5+ Kc7 52. Bd5 1-0


[Site "https://www.chess.com"]

[Event "Titled Tuesday Blitz March 22 Early 2022"]
[White "Orlov, Georgi"]
[Black "Topalov, Aleksandar"]
[WhiteFideId "2011271"]
[BlackFideId "925659"]
[WhiteElo "2535"]
[BlackElo "2158"]
[Result "0-1"]
[Round "09"]
[TimeControl "180+1"]
[Date "2022.03.22"]
[WhiteClock "0:00:01"]
[BlackClock "0:00:06"]

1. e4 e6 2. d3 d5 3. Nd2 c5 4. Ngf3 Nc6 5. g3 Nf6 6. Bg2 Be7 7. O-O O-O 8. Re1 Rb8 9. e5 Nd7 10. Nf1 b5 11. a3 a5 12. h4 b4 13. axb4 axb4 14. Bf4 Nd4 15. Nxd4 cxd4 16. Nd2 Bb7 17. Qg4 Kh8 18. Nf3 Bc5 19. h5 Bc6 20. Bg5 Qc7 21. h6 g6 22. Nxd4 Qb6 23. c3 bxc3 24. bxc3 Bxd4 25. cxd4 Rfc8 26. Be7 Ra8 27. Rab1 Qa6 28. Qf3 Kg8 29. Re3 Qa2 30. Rbe1 Qb2 31. Qf4 Qd2 32. R1e2 Qc1+ 33. Re1 Qd2 34. Bf1 Ba4 35. Ba3 Bd1 36. Bd6 Ra2 37. Bh3 Rcc2 38. Rf1 Be2 39. Qg5 Rc8 40. Rb1 Bxd3 41. Qf4 Bxb1 42. Bf1 Be4 43. g4 f5 44. exf6 Kf7 45. g5 Rc1 46. Bb4 Qxb4 47. Rxe4 Rxf1+ 48. Kxf1 dxe4 49. Qxe4 Qc4+ 50. Kg2 Qd5 0-1


[Site "https://www.chess.com"]

[Event "Titled Tuesday Blitz March 22 Early 2022"]
[White "Osmonbekov, Talaibek"]
[Black "Sarkar, Justin"]
[WhiteFideId "2017253"]
[BlackFideId "2010011"]
[WhiteElo "2135"]
[BlackElo "2038"]
[Result "0-1"]
[Round "09"]
[TimeControl "180+1"]
[Date "2022.03.22"]
[WhiteClock "0:00:03"]
[BlackClock "0:00:07"]

1. d4 Nf6 2. Nc3 d5 3. Bf4 e6 4. e3 Bd6 5. Nf3 O-O 6. Bd3 c5 7. dxc5 Bxc5 8. O-O Be7 9. e4 dxe4 10. Nxe4 Nh5 11. Bxb8 Rxb8 12. Nfg5 Nf4 13. Qg4 Nxd3 14. cxd3 f5 15. Qh5 h6 16. Nf3 fxe4 17. dxe4 Bd7 18. Rad1 Qe8 19. Qg4 Bf6 20. e5 Be7 21. Rd2 Bc5 22. b4 Bb6 23. Rfd1 Bc6 24. Rd6 Bxf3 25. gxf3 Rd8 26. Rxd8 Bxd8 27. Rd6 Qf7 28. Qxe6 Qxe6 29. Rxe6 Rxf3 30. Kg2 Rf8 31. Rd6 Bb6 32. f3 Rf5 33. a4 Rxe5 34. a5 Bc7 35. Rd7 Re2+ 36. Kf1 Rc2 37. h4 b6 38. a6 b5 39. Rd5 Bb6 40. Rxb5 Ra2 41. h5 Rxa6 42. Ke2 Ra2+ 43. Kd3 Rg2 0-1


[Site "https://www.chess.com"]

[Event "Titled Tuesday Blitz March 22 Early 2022"]
[White "Paravyan, David"]
[Black "Andreikin, Dmitry"]
[WhiteFideId "4194985"]
[BlackFideId "4158814"]
[WhiteElo "2569"]
[BlackElo "2736"]
[Result "0-1"]
[Round "09"]
[TimeControl "180+1"]
[Date "2022.03.22"]
[WhiteClock "0:00:00"]
[BlackClock "0:00:04"]

1. e4 c5 2. Nf3 e6 3. d4 cxd4 4. Nxd4 a6 5. Nc3 Nc6 6. g3 Qc7 7. Bg2 Nf6 8. O-O Nxd4 9. Qxd4 Bc5 10. Bf4 d6 11. Qd3 h6 12. Rad1 e5 13. Be3 Bxe3 14. fxe3 Be6 15. Qxd6 Rc8 16. Qxc7 Rxc7 17. Rd2 Rxc3 18. bxc3 Nd7 19. Rb1 Nc5 20. Bf1 Ke7 21. c4 Rc8 22. Bd3 Kd6 23. Kf2 Kc7 24. Kf3 Rd8 25. Rdd1 h5 26. Kg2 Bg4 27. Rf1 Be6 28. Rfd1 Bg4 29. Rf1 Be6 30. Rbd1 f6 31. h3 Kb6 32. Be2 Rh8 33. Bd3 Ka5 34. Rb1 Rd8 35. Rfd1 Ka4 36. Rb6 Bxc4 37. Kf3 Ka5 38. Rdb1 Bxd3 39. cxd3 Rxd3 40. Rxb7 Nxb7 41. Rxb7 Ra3 42. Rxg7 Rxa2 43. Rf7 Ra1 44. Kg2 Kb4 45. Rxf6 a5 46. g4 hxg4 47. hxg4 Rd1 48. g5 a4 49. Rb6+ Ka5 50. Re6 a3 51. Re8 Kb4 52. Rb8+ Kc3 53. Ra8 Kb3 54. Rb8+ Kc2 55. Ra8 Kb2 56. Rb8+ Ka1 57. Kf3 Rg1 58. Ke2 Rxg5 59. Kd3 Rg2 60. Kc3 Rb2 61. Rh8 a2 0-1


[Site "https://www.chess.com"]

[Event "Titled Tuesday Blitz March 22 Early 2022"]
[White "Petrosyan, Manuel"]
[Black "Vasquez Schroeder, Rodrigo"]
[WhiteFideId "13300857"]
[BlackFideId "3400042"]
[WhiteElo "2592"]
[BlackElo "2561"]
[Result "1-0"]
[Round "09"]
[TimeControl "180+1"]
[Date "2022.03.22"]
[WhiteClock "0:00:22"]
[BlackClock "0:00:17"]

1. d4 Nf6 2. c4 e6 3. Nf3 c5 4. d5 d6 5. Nc3 exd5 6. cxd5 g6 7. h3 Bg7 8. e4 a6 9. a4 Nbd7 10. Bd3 Nh5 11. O-O Ne5 12. Be2 Nxf3+ 13. Bxf3 Qh4 14. Ra3 Be5 15. Bg4 Bxg4 16. Qxg4 Qxg4 17. hxg4 Nf6 18. g5 Nd7 19. Be3 O-O-O 20. a5 Rde8 21. f3 f6 22. gxf6 Bxf6 23. Na4 Ne5 24. Rc1 Kb8 25. Nb6 Re7 26. b4 cxb4 27. Rb3 g5 28. Rc2 Rc7 29. Rxc7 Kxc7 30. Rxb4 h5 31. Rb1 Kb8 32. Kf1 Rd8 33. Ke2 Nd7 34. Nc4 Be7 35. Bg1 Rc8 36. Rb4 h4 37. Bh2 Kc7 38. Rb1 Nc5 39. Rb6 Na4 40. Nxd6 Nxb6 41. axb6+ Kd7 42. Nxc8 Kxc8 43. Bc7 Kd7 44. e5 Bc5 45. Kd3 Be3 46. Kxe3 1-0


[Site "https://www.chess.com"]

[Event "Titled Tuesday Blitz March 22 Early 2022"]
[White "Petrova, Irina"]
[Black "Bachmann, Axel"]
[WhiteFideId "14124122"]
[BlackFideId "3700488"]
[WhiteElo "1993"]
[BlackElo "2587"]
[Result "1/2-1/2"]
[Round "09"]
[TimeControl "180+1"]
[Date "2022.03.22"]
[WhiteClock "0:01:02"]
[BlackClock "0:00:04"]

1. e4 c5 2. Nf3 d6 3. Bb5+ Nd7 4. O-O a6 5. Bxd7+ Bxd7 6. d4 cxd4 7. Qxd4 Nf6 8. Bg5 e6 9. e5 dxe5 10. Nxe5 h6 11. Nxd7 hxg5 12. Nxf6+ gxf6 13. Qa4+ b5 14. Qe4 Bd6 15. g3 f5 16. Qc6+ Ke7 17. Nc3 Qc7 18. Qg2 g4 19. Rfe1 Kf6 20. Rad1 Bc5 21. Ne2 Rad8 22. Nf4 Rxd1 23. Rxd1 Rd8 24. Qf1 Rxd1 25. Qxd1 Qd6 26. Qe2 Qd4 27. Nd3 Bb6 28. Qd2 Ke7 29. Qg5+ Qf6 30. Qf4 Qd4 31. Qg5+ Kd7 32. Qg8 Ke7 33. Qc8 Kf6 34. Qh8+ Ke7 35. Qc8 Kf6 36. Qh8+ Ke7 37. Qc8 1/2-1/2


[Site "https://www.chess.com"]

[Event "Titled Tuesday Blitz March 22 Early 2022"]
[White "Pinheiro, Iung Alicio de O."]
[Black "Heinemann, Josefine"]
[WhiteFideId "2104350"]
[BlackFideId "12900460"]
[WhiteElo "2528"]
[BlackElo "2300"]
[Result "0-1"]
[Round "09"]
[TimeControl "180+1"]
[Date "2022.03.22"]
[WhiteClock "0:00:01"]
[BlackClock "0:00:28"]

1. c4 g6 2. g3 c5 3. Bg2 Bg7 4. Nc3 Nc6 5. a3 b6 6. b4 Bb7 7. Rb1 d6 8. Qa4 Qd7 9. bxc5 dxc5 10. Ne4 Rc8 11. Nh3 Nf6 12. Nf4 Nxe4 13. Bxe4 O-O 14. O-O Rfd8 15. Nd5 e6 16. Nc3 Ne5 17. Bb2 Qxa4 18. Nxa4 Bxe4 19. d3 Bc6 20. Nc3 Ng4 21. h3 Nh6 22. g4 f5 23. f3 Nf7 24. a4 Bd4+ 25. Kg2 f4 26. Nb5 Bxb2 27. Rxb2 Bxb5 28. axb5 Rc7 29. Ra1 Nd6 30. Ra6 Nb7 31. Rxa7 Rdd7 32. Ra6 Rd6 33. Ra7 Rcd7 34. Rba2 Na5 35. Ra8+ Kg7 36. Ra6 e5 37. h4 h5 38. g5 Kf7 39. Ra4 Ke6 40. Ra2 Kf5 41. Ra3 e4 42. dxe4+ Ke5 43. Kf2 Nxc4 44. Ra2 Rd2 45. Ra8 Rxa2 46. Rxa2 Rd1 47. Ra8 Ke6 48. Re8+ Kf7 49. Rc8 Ne3 0-1


[Site "https://www.chess.com"]

[Event "Titled Tuesday Blitz March 22 Early 2022"]
[White "Pires, Marcos Vinicius Torsani"]
[Black "Johnson, Ben"]
[WhiteFideId "2118939"]
[BlackFideId "2010917"]
[WhiteElo "2273"]
[BlackElo "2222"]
[Result "1-0"]
[Round "09"]
[TimeControl "180+1"]
[Date "2022.03.22"]
[WhiteClock "0:00:15"]
[BlackClock "0:00:02"]

1. e4 c5 2. c3 Nf6 3. e5 Nd5 4. d4 cxd4 5. Nf3 Nc6 6. cxd4 d6 7. Bc4 Nb6 8. Bb5 Bd7 9. exd6 e6 10. O-O Bxd6 11. Nc3 Nb4 12. Be2 O-O 13. Re1 Rc8 14. Bg5 f6 15. Bh4 N6d5 16. Ne4 Bb8 17. Nc5 Nf4 18. Bc4 Nbd5 19. Bg3 b6 20. Nxd7 Qxd7 21. Bb3 Rfe8 22. Qd2 Ng6 23. Re2 Bf4 24. Qd3 Nb4 25. Qe4 Bxg3 26. hxg3 Nd5 27. Rae1 Nf8 28. a3 Red8 29. Nd2 b5 30. Nf1 a5 31. Ne3 a4 32. Bxd5 exd5 33. Qf3 Ng6 34. Nf5 Rc4 35. Ne7+ Nxe7 36. Rxe7 Qd6 37. Qg4 g6 38. Qh4 h5 39. R7e6 Qf8 40. Rxf6 Qg7 41. Qg5 Kh7 42. Rfe6 Rd7 43. Re7 Rxe7 44. Rxe7 1-0


[Site "https://www.chess.com"]

[Event "Titled Tuesday Blitz March 22 Early 2022"]
[White "Popadic, Dragan"]
[Black "Golsta, Madara"]
[WhiteFideId "913650"]
[BlackFideId "11607386"]
[WhiteElo "2222"]
[BlackElo "1997"]
[Result "1-0"]
[Round "09"]
[TimeControl "180+1"]
[Date "2022.03.22"]
[WhiteClock "0:00:42"]
[BlackClock "0:00:11"]

1. e4 c5 2. Nc3 d6 3. f4 g6 4. Nf3 Bg7 5. Bc4 Nc6 6. d3 e6 7. O-O Nge7 8. Qe1 O-O 9. f5 gxf5 10. Qh4 Ng6 11. Qh5 Nd4 12. Ng5 h6 13. Nxf7 Rxf7 14. Qxg6 Qf6 15. Qh5 Nxc2 16. Rb1 Nd4 17. Be3 Nc2 18. Bd2 a6 19. a4 Qd4+ 20. Kh1 Ne3 21. Bxe3 Qxe3 22. exf5 d5 23. Nxd5 exd5 24. Bxd5 Qe7 25. f6 Bxf6 26. Rbe1 1-0


[Site "https://www.chess.com"]

[Event "Titled Tuesday Blitz March 22 Early 2022"]
[White "Pranav, V"]
[Black "Yeletsky, Ivan"]
[WhiteFideId "25060783"]
[BlackFideId "24180327"]
[WhiteElo "2349"]
[BlackElo "2303"]
[Result "0-1"]
[Round "09"]
[TimeControl "180+1"]
[Date "2022.03.22"]
[WhiteClock "0:00:59"]
[BlackClock "0:01:29"]

1. e4 d6 2. d4 Nf6 3. Nc3 g6 4. Bg5 h6 5. Bh4 c6 6. f4 b5 7. Nf3 b4 8. Bxf6 exf6 9. Ne2 Qe7 10. Ng3 h5 11. Bd3 h4 12. Ne2 h3 13. g3 Bg4 14. O-O Bg7 15. c3 bxc3 16. bxc3 f5 17. Qc2 fxe4 18. Bxe4 d5 19. Bxg6 Qe3+ 20. Rf2 Bxf3 21. Qf5 fxg6 22. Qxg6+ Kf8 23. Rb1 Bxe2 24. Qf5+ Kg8 25. Re1 Bg4 26. Qb1 Bf5 27. Qa1 Qd3 0-1


[Site "https://www.chess.com"]

[Event "Titled Tuesday Blitz March 22 Early 2022"]
[White "Prohorov, Olexandr"]
[Black "Estrada Nieto, Julian"]
[WhiteFideId "14105578"]
[BlackFideId "5101018"]
[WhiteElo "1993"]
[BlackElo "2246"]
[Result "0-1"]
[Round "09"]
[TimeControl "180+1"]
[Date "2022.03.22"]
[WhiteClock "0:00:13"]
[BlackClock "0:01:11"]

1. e4 e5 2. Nf3 Nc6 3. Bb5 a6 4. Ba4 Nf6 5. O-O Be7 6. Re1 b5 7. Bb3 d6 8. c3 O-O 9. h3 Bb7 10. a4 Re8 11. d4 Bf8 12. Nbd2 h6 13. Nf1 exd4 14. cxd4 Rxe4 15. Rxe4 Nxe4 16. Qc2 d5 17. Be3 Na5 18. Ba2 Nc4 19. N1d2 Nxe3 20. fxe3 Nxd2 21. Qxd2 Bd6 22. Rf1 Qe7 23. axb5 axb5 24. Bb1 b4 25. Qd3 g6 26. Re1 Bg3 27. Rc1 Ba6 28. Qb3 Bc4 29. Qc2 Qxe3+ 30. Kh1 b3 31. Qd1 Ra1 32. Nd2 Bf4 33. Nxc4 Qxc1 0-1


[Site "https://www.chess.com"]

[Event "Titled Tuesday Blitz March 22 Early 2022"]
[White "Reprintsev, Alexander"]
[Black "Iskusnyh, Sergei"]
[WhiteFideId "14100541"]
[BlackFideId "4120027"]
[WhiteElo "2476"]
[BlackElo "2585"]
[Result "0-1"]
[Round "09"]
[TimeControl "180+1"]
[Date "2022.03.22"]
[WhiteClock "0:00:01"]
[BlackClock "0:00:02"]

1. e4 e6 2. Qe2 c5 3. b3 Nc6 4. Bb2 Nd4 5. Qd3 e5 6. Nf3 d6 7. Nxd4 cxd4 8. c3 dxc3 9. Nxc3 Nf6 10. Rc1 Be7 11. Qb5+ Bd7 12. Qxb7 O-O 13. Qa6 Be6 14. Bc4 Nxe4 15. Nxe4 d5 16. Bd3 dxe4 17. Bxe4 Bg5 18. O-O Qxd2 19. Bxa8 Qxb2 20. Rb1 Qc2 21. Qxa7 h5 22. Bf3 h4 23. h3 e4 24. Bg4 f5 25. Qb6 Rf6 26. Bh5 Qc3 27. Qd8+ Kh7 28. Qe8 e3 29. fxe3 Qxe3+ 30. Kh1 Qg3 31. Bf3 Bf4 32. Qh5+ Kg8 33. Kg1 Be3+ 34. Kh1 Bf4 35. Kg1 Qh2+ 36. Kf2 Bg3+ 37. Ke3 Bf4+ 0-1


[Site "https://www.chess.com"]

[Event "Titled Tuesday Blitz March 22 Early 2022"]
[White "Rosenberg, Evan S"]
[Black "Cupid, Kevin"]
[WhiteFideId "2019299"]
[BlackFideId "7700512"]
[WhiteElo "2291"]
[BlackElo "2096"]
[Result "1-0"]
[Round "09"]
[TimeControl "180+1"]
[Date "2022.03.22"]
[WhiteClock "0:00:07"]
[BlackClock "0:00:08"]

1. d4 e5 2. dxe5 Nc6 3. e4 Nxe5 4. Nf3 Nxf3+ 5. Qxf3 Bc5 6. Bc4 Qe7 7. Nc3 c6 8. O-O d6 9. Be3 Be6 10. Bxe6 Qxe6 11. Bxc5 dxc5 12. Rad1 Nf6 13. e5 Nd7 14. Rd6 Qe7 15. e6 fxe6 16. Ne4 O-O-O 17. Rfd1 Rhf8 18. Qa3 Kb8 19. Nxc5 Nxc5 20. Qxc5 Rxd6 21. Qxd6+ Qxd6 22. Rxd6 Kc7 23. Rxe6 Kd7 24. Re3 Rf5 25. Kf1 a6 26. Ke2 g6 27. a4 b5 28. axb5 axb5 29. g4 Rf4 30. h3 c5 31. Rf3 Re4+ 32. Kd2 Re7 33. b4 cxb4 34. Rf4 Kc6 35. Rxb4 Kc5 36. c3 Rf7 37. Ke3 Re7+ 38. Re4 Rd7 39. h4 Rd1 40. h5 gxh5 41. Re5+ Kc4 42. Rxh5 Rd3+ 43. Ke2 Rd7 44. Rh3 Re7+ 45. Kd2 Rd7+ 46. Kc2 Rf7 47. f3 Re7 48. f4 Re2+ 49. Kd1 Rf2 50. f5 Rf4 51. Rg3 Kd5 52. Kc2 Kc4 53. Kd2 Rf2+ 54. Ke3 Rf1 55. Ke4 Re1+ 56. Kf4 Re7 57. Kg5 Rf7 58. f6 Kd5 59. Kf5 Kd6 60. Rd3+ Kc5 61. Ke6 Rf8 62. f7 Kc4 63. Rf3 Kc5 64. Ke7 Rc8 65. f8=Q 1-0


[Site "https://www.chess.com"]

[Event "Titled Tuesday Blitz March 22 Early 2022"]
[White "Rostovtsev, Dmitry"]
[Black "Kotepalli, Sai Nirupama"]
[WhiteFideId "34278320"]
[BlackFideId "5039444"]
[WhiteElo "2359"]
[BlackElo "2395"]
[Result "1/2-1/2"]
[Round "09"]
[TimeControl "180+1"]
[Date "2022.03.22"]
[WhiteClock "0:01:53"]
[BlackClock "0:01:30"]

1. d4 g6 2. Bf4 Bg7 3. e3 e6 4. Nf3 Ne7 5. c4 d5 6. Nc3 O-O 7. Be2 c5 8. dxc5 Qa5 9. O-O Qxc5 10. cxd5 Nxd5 11. Nxd5 Qxd5 12. Qxd5 exd5 13. Bxb8 Rxb8 14. Rab1 Bf5 15. Rbd1 Bxb2 16. Rxd5 Rfd8 17. Rfd1 Rxd5 18. Rxd5 Be6 19. Rd2 Bf6 20. Nd4 Rd8 21. Bf3 b6 22. Kf1 Bc4+ 23. Be2 Bd5 24. Bf3 Bc4+ 25. Be2 Bd5 26. Bf3 Bc4+ 1/2-1/2


[Site "https://www.chess.com"]

[Event "Titled Tuesday Blitz March 22 Early 2022"]
[White "Ruge, Edison"]
[Black "Przybylski, Wojciech"]
[WhiteFideId "4401000"]
[BlackFideId "1117599"]
[WhiteElo "2175"]
[BlackElo "2133"]
[Result "0-1"]
[Round "09"]
[TimeControl "180+1"]
[Date "2022.03.22"]
[WhiteClock "0:00:02"]
[BlackClock "0:00:19"]

1. e4 e5 2. Nf3 Nc6 3. Bb5 Nf6 4. Qe2 Bc5 5. c3 O-O 6. Bxc6 dxc6 7. h3 Re8 8. d3 Nd7 9. Be3 Qe7 10. O-O Nf8 11. b4 Bd6 12. a3 c5 13. Nbd2 Ng6 14. Nb3 cxb4 15. axb4 b6 16. Nbd2 Bb7 17. Ra2 a6 18. Nc4 Rad8 19. Bg5 f6 20. Be3 Nf4 21. Bxf4 exf4 22. Re1 Kh8 23. Nh4 Qe6 24. Nf5 Bf8 25. Nd4 Qf7 26. Rd2 Bxb4 27. cxb4 Rxd4 28. Qf3 g5 29. Qd1 Qd7 30. e5 Qd5 31. f3 fxe5 32. Qa1 b5 33. Na5 Bc8 34. Rde2 Bf5 35. Qc3 Bxd3 36. Rd2 Bg6 37. Rde2 Kg8 38. Rf2 Rd1 39. Re2 Rxe1+ 40. Rxe1 Qd4+ 41. Qxd4 exd4 42. Rc1 d3 0-1


[Site "https://www.chess.com"]

[Event "Titled Tuesday Blitz March 22 Early 2022"]
[White "Salinas Herrera, Pablo"]
[Black "Kozak, Antoni"]
[WhiteFideId "3407128"]
[BlackFideId "21832030"]
[WhiteElo "2541"]
[BlackElo "2236"]
[Result "1-0"]
[Round "09"]
[TimeControl "180+1"]
[Date "2022.03.22"]
[WhiteClock "0:00:31"]
[BlackClock "0:00:07"]

1. d4 d5 2. Nf3 Nf6 3. Bf4 c5 4. e3 cxd4 5. exd4 Nc6 6. c3 Bf5 7. Qb3 Qc8 8. Nbd2 e6 9. Be2 Be7 10. O-O O-O 11. Rfe1 Bd8 12. Ne5 Bc7 13. Bg3 Nxe5 14. dxe5 Nd7 15. Nf3 Nc5 16. Qd1 Ne4 17. Bf4 Bb6 18. Nd4 Bg6 19. h4 h6 20. Rc1 Qd8 21. g3 a6 22. Kg2 Bc5 23. Bd3 Ba7 24. f3 Nc5 25. Bxg6 fxg6 26. b4 Rxf4 27. bxc5 Rf7 28. Nxe6 Qd7 29. Nd4 Re7 30. Qd3 Qe8 31. f4 Bxc5 32. Nb3 Qc6 33. Rcd1 Rd8 34. Qf3 Ba7 35. Re2 Rc7 36. Rd3 Qb6 37. Red2 Qg1+ 38. Kh3 Kh7 39. Rd1 Qb6 40. Rxd5 Qe6+ 41. f5 Rxc3 42. fxe6 Rxf3 43. Rxd8 Re3 44. e7 1-0


[Site "https://www.chess.com"]

[Event "Titled Tuesday Blitz March 22 Early 2022"]
[White "Samaganova, Aleksandra"]
[Black "Sailer, Mike"]
[WhiteFideId "13800221"]
[BlackFideId "2012901"]
[WhiteElo "1859"]
[BlackElo "2109"]
[Result "1-0"]
[Round "09"]
[TimeControl "180+1"]
[Date "2022.03.22"]
[WhiteClock "0:00:02"]
[BlackClock "0:00:01"]

1. c4 c6 2. Nf3 d5 3. e3 Nf6 4. Nc3 Bf5 5. cxd5 cxd5 6. Qb3 Nbd7 7. Nxd5 Nxd5 8. Qxd5 e6 9. Qb5 Bd6 10. Be2 O-O 11. d4 a6 12. Qa4 b5 13. Qd1 Rc8 14. Bd3 Bb4+ 15. Ke2 Bg4 16. h3 Bh5 17. g4 Bg6 18. Bxg6 fxg6 19. g5 e5 20. Qb3+ Kh8 21. Qxb4 e4 22. Ne1 Qxg5 23. Rh2 Qg1 24. Rg2 Qh1 25. Bd2 Nf6 26. Bc3 Nd5 27. Qb3 Rcd8 28. Rd1 Rf3 29. Kd2 Rxh3 30. Kc1 Rh2 31. Rg5 Rxf2 32. Rxd5 Rdf8 33. Qb4 Qh2 34. Kb1 Re8 35. Re5 Ra8 36. Qe7 h6 37. Qb7 Raf8 38. Qxe4 1-0


[Site "https://www.chess.com"]

[Event "Titled Tuesday Blitz March 22 Early 2022"]
[White "Samunenkov, Ihor"]
[Black "Perez Gormaz, Matias"]
[WhiteFideId "14187086"]
[BlackFideId "3406342"]
[WhiteElo "2409"]
[BlackElo "2327"]
[Result "0-1"]
[Round "09"]
[TimeControl "180+1"]
[Date "2022.03.22"]
[WhiteClock "0:00:02"]
[BlackClock "0:00:04"]

1. d4 Nf6 2. c4 e6 3. Nc3 Bb4 4. e3 c5 5. Ne2 b6 6. a3 Ba5 7. Rb1 Na6 8. f3 O-O 9. Kf2 d5 10. cxd5 exd5 11. g4 Re8 12. Nf4 Bxc3 13. bxc3 c4 14. g5 Nd7 15. h4 Nc7 16. Bd2 b5 17. Rg1 Nb6 18. h5 Qd6 19. g6 fxg6 20. hxg6 h6 21. Ra1 Ne6 22. Nh3 Rf8 23. f4 Na4 24. Qc1 Nc7 25. Bg2 Ne8 26. Rh1 Nf6 27. Ng1 Bf5 28. Ne2 Bxg6 29. Ng3 Rae8 30. Ra2 Ng4+ 31. Kg1 Nf6 32. Bf3 Ne4 33. Kg2 Qe7 34. Nxe4 Bxe4 35. Rf1 Qh4 36. Be1 Qg4+ 37. Bg3 h5 38. Bxe4 Rxe4 39. Kf2 Rfe8 40. Rh1 Rxe3 41. Qg1 Qf3# 0-1


[Site "https://www.chess.com"]

[Event "Titled Tuesday Blitz March 22 Early 2022"]
[White "Sanchez, Robert"]
[Black "Maevsky, Nikolay"]
[WhiteFideId "2034360"]
[BlackFideId "4198220"]
[WhiteElo "2253"]
[BlackElo "2126"]
[Result "0-1"]
[Round "09"]
[TimeControl "180+1"]
[Date "2022.03.22"]
[WhiteClock "0:00:17"]
[BlackClock "0:01:50"]

1. e4 c6 2. d4 d5 3. e5 Bf5 4. Nf3 e6 5. Be2 Ne7 6. O-O Bg6 7. Nbd2 Nf5 8. Nb3 Nd7 9. a4 a6 10. a5 c5 11. c3 Rc8 12. dxc5 Nxc5 13. Nbd4 Nxd4 14. Nxd4 Be7 15. f4 O-O 16. f5 exf5 17. Nxf5 Bxf5 18. Rxf5 Ne6 19. Be3 Bc5 20. Bxc5 Rxc5 21. Bd3 g6 22. Rf3 Rxa5 23. Rxa5 Qxa5 24. Qd2 Qc5+ 25. Kh1 d4 26. Qe1 dxc3 27. bxc3 Rc8 28. Bb1 b5 29. Ba2 Qe7 30. Rf6 Rc6 31. h4 h5 32. Qe4 Qd7 33. Rxg6+ fxg6 34. Qxg6+ Kf8 35. Qxh5 Qf7 36. Qh6+ Ke7 37. Qe3 Qf1+ 38. Kh2 Qf4+ 0-1


[Site "https://www.chess.com"]

[Event "Titled Tuesday Blitz March 22 Early 2022"]
[White "Santos Flores, Alberto"]
[Black "Kett, Tim"]
[WhiteFideId "3601234"]
[BlackFideId "1801210"]
[WhiteElo "2235"]
[BlackElo "2098"]
[Result "1-0"]
[Round "09"]
[TimeControl "180+1"]
[Date "2022.03.22"]
[WhiteClock "0:01:21"]
[BlackClock "0:00:40"]

1. e4 e5 2. Nf3 Nc6 3. Bc4 Nf6 4. d3 Be7 5. O-O d6 6. Re1 O-O 7. c3 Na5 8. Bb5 a6 9. Ba4 b5 10. Bc2 c5 11. d4 cxd4 12. cxd4 Nc6 13. h3 exd4 14. Nxd4 Nxd4 15. Qxd4 Be6 16. Nc3 Rc8 17. Bf4 d5 18. exd5 Nxd5 19. Nxd5 Rxc2 20. Nxe7+ Qxe7 21. Re3 Rfc8 22. Rg3 f6 23. Re1 Qf7 24. Bh6 g6 25. Rf3 Bf5 26. Rfe3 Qd7 27. Qxf6 R2c6 28. Re8+ Rxe8 29. Rxe8+ Qxe8 30. Qg7# 1-0


[Site "https://www.chess.com"]

[Event "Titled Tuesday Blitz March 22 Early 2022"]
[White "Sargsyan, Anna M."]
[Black "Olsen, Filip Boe"]
[WhiteFideId "13308130"]
[BlackFideId "1440640"]
[WhiteElo "2622"]
[BlackElo "2534"]
[Result "1-0"]
[Round "09"]
[TimeControl "180+1"]
[Date "2022.03.22"]
[WhiteClock "0:00:21"]
[BlackClock "0:00:17"]

1. d4 Nf6 2. c4 e6 3. Nf3 d5 4. Nc3 c6 5. e3 Nbd7 6. Bd3 dxc4 7. Bxc4 b5 8. Bd3 Bb7 9. Qc2 a6 10. e4 c5 11. Bg5 Be7 12. Rd1 cxd4 13. Nxd4 Rc8 14. Qe2 O-O 15. O-O h6 16. Bh4 Re8 17. Bb1 Qb6 18. a3 Ne5 19. Kh1 Ng6 20. Bg3 Nd7 21. Ndxb5 axb5 22. Rxd7 b4 23. axb4 Bxb4 24. Rfd1 Bc6 25. R7d2 Bb7 26. e5 Ne7 27. Rc2 Red8 28. Rxd8+ Rxd8 29. Rc1 Nf5 30. Ne4 Nxg3+ 31. hxg3 Be7 32. Kh2 Qb4 33. f3 Bd5 34. Rc7 Bf8 35. Nc3 Qb8 36. Nxd5 Rxd5 37. Qc2 Rxe5 38. Qh7# 1-0


[Site "https://www.chess.com"]

[Event "Titled Tuesday Blitz March 22 Early 2022"]
[White "Shtyka, Sergey"]
[Black "Khamzin, Olzhas"]
[WhiteFideId "4138465"]
[BlackFideId "13701690"]
[WhiteElo "2477"]
[BlackElo "2593"]
[Result "0-1"]
[Round "09"]
[TimeControl "180+1"]
[Date "2022.03.22"]
[WhiteClock "0:00:02"]
[BlackClock "0:01:00"]

1. e4 e6 2. Nf3 Be7 3. d4 d6 4. c4 Nd7 5. Nc3 c5 6. Bd3 cxd4 7. Nxd4 a6 8. O-O Qc7 9. Be3 b6 10. Rc1 Bb7 11. f3 Rc8 12. Qe2 Qb8 13. Qf2 Qa8 14. Qg3 Ngf6 15. Qxg7 Rg8 16. Qh6 Ne5 17. Be2 Nxc4 18. Bxc4 Rxc4 19. Nce2 Rg6 20. Qxg6 hxg6 21. Rxc4 Bd8 22. Rfc1 b5 23. R4c2 Bb6 24. Bf2 Nd7 25. Kf1 Kf8 26. Bg3 e5 27. Nb3 Kg7 28. Nd2 d5 29. exd5 Bxd5 30. Nc3 Be6 31. Nce4 Qd5 32. Nb3 Qd3+ 33. Ke1 Bc4 34. Rxc4 bxc4 35. Nbd2 Ba5 36. Kd1 f5 37. Nf2 Qxd2# 0-1


[Site "https://www.chess.com"]

[Event "Titled Tuesday Blitz March 22 Early 2022"]
[White "Silvestre, Christian"]
[Black "Cramling Bellon, Anna"]
[WhiteFideId "30956269"]
[BlackFideId "32009232"]
[WhiteElo "2422"]
[BlackElo "1905"]
[Result "1-0"]
[Round "09"]
[TimeControl "180+1"]
[Date "2022.03.22"]
[WhiteClock "0:00:10"]
[BlackClock "0:00:01"]

1. e4 c5 2. Nc3 e6 3. d3 d5 4. g3 Nc6 5. Bg2 Nf6 6. Nge2 Be7 7. O-O d4 8. Nb1 O-O 9. f4 e5 10. f5 Ng4 11. h3 Ne3 12. Bxe3 dxe3 13. h4 Nd4 14. Nbc3 b5 15. Nd5 Bb7 16. Nxe3 c4 17. dxc4 bxc4 18. c3 Nxe2+ 19. Qxe2 Qd3 20. Qxd3 cxd3 21. Rfd1 Rfd8 22. Rd2 Bc5 23. Kf2 g6 24. g4 gxf5 25. gxf5 Be7 26. Kg3 Kh8 27. Rad1 Rg8+ 28. Kh3 Ba6 29. c4 Rg7 30. Bf1 Rag8 31. Rg2 Rxg2 32. Nxg2 Bxc4 33. b3 Bb5 34. Bxd3 Bxd3 35. Rxd3 Bc5 36. Ne3 Bxe3 37. Rxe3 Rd8 38. Kg4 Rd4 39. Kg5 Kg7 40. f6+ Kg8 41. Kf5 Rb4 42. Kxe5 Rb5+ 43. Kf4 Rh5 44. Kg4 Re5 45. Kf4 Re6 46. Rg3+ Kf8 47. e5 Rc6 48. Rg7 h5 49. Rh7 Kg8 50. Rxh5 Rc1 51. Rg5+ Kh8 52. Kf5 Rf1+ 53. Ke4 Rh1 54. Rg4 1-0


[Site "https://www.chess.com"]